 Dungeon Crawl Stone Soup version 0.26-a0-665-gefeb406119 (webtiles) character file.

Game seed: 12888498895361649825

51 jiml777 the Conjurer (level 3, 0/19 HPs)
             Began as a Deep Elf Conjurer on Oct 15, 2020.
             Succumbed to a goblin's poison
             ... on level 2 of the Dungeon.
             The game lasted 00:09:22 (1230 turns).

jiml777 the Conjurer (Deep Elf Conjurer)            Turns: 1230, Time: 00:09:22

Health: 0/19       AC:  3    Str:  4    XL:     3   Next: 58%
Magic:  1/9        EV: 12    Int: 23    God:
Gold:   0          SH:  0    Dex: 13    Spells: 5/8 levels left

rFire    . . .     SeeInvis .   b - +0 spear
rCold    . . .     Faith    .   (no shield)
rNeg     . . .     Spirit   .   g - +0 leather armour (curse)
rPois    .         Reflect  .   (no helmet)
rElec    .         Harm     .   (no cloak)
rCorr    +         Rampage  .   (no gloves)
MR       .....                  (no boots)
Stlth    ++........             (no amulet)
HPRegen  0.06/turn              l - ring of resist corrosion
MPRegen  0.11/turn              (no ring)

@: lethally poisoned (0 -> -6)
A: no striking features
a: no special abilities


You were on level 2 of the Dungeon.
You visited 1 branch of the dungeon, and saw 2 of its levels.

Inventory:

Hand Weapons
 b - a +0 spear (weapon)
Missiles
 d - 74 stones (quivered)
 i - 38 sling bullets
 m - 4 boomerangs
Armour
 a - a +0 robe
 g - a cursed +0 leather armour (worn)
Jewellery
 l - a ring of resist corrosion (left hand)
Scrolls
 c - a scroll of identify {unknown}
 e - 7 scrolls of remove curse {unknown}
 k - a scroll of enchant armour {unknown}
 n - a scroll of magic mapping {unknown}
Potions
 f - a potion of haste {unknown}
 h - a potion of flight {unknown}
 j - a potion of lignification {unknown}
 o - a potion of cancellation {unknown}


   Skills:
 + Level 0.2 Armour
 + Level 2.8 Dodging
 + Level 3.1 Stealth
 + Level 3.2 Spellcasting
 + Level 5.3 Conjurations


You had 5 spell levels left.
You knew the following spells:

 Your Spells              Type           Power        Failure   Level
a - Magic Dart            Conj           ####         2%          1
b - Searing Ray           Conj           ####..       3%          2

Your spell library contained the following spells:

 Spells                   Type           Power        Failure   Level
 Dazzling Flash           Conj/Hex       ###...       21%         3
 Fulminant Prism          Conj/Hex       ###.......   56%         4
 Iskenderun's Mystic Bla  Conj/Tloc      ###.....     56%         4


Dungeon Overview and Level Annotations

Branches:
Dungeon (2/15)

Altars:
Vehumet

Annotations:
D:2 Robin


Message History

Robin is almost dead.
The hobgoblin shouts!
The goblin barely misses you. The goblin hits you but does no damage.
You are poisoned.
A hobgoblin comes into view.
You hit Robin but do no damage.
Robin is almost dead.
You feel sick. Robin throws the goblin at you!
The goblin hits you with a +0 club. The goblin hits you but does no damage.
The goblin hits you with a +0 dagger.
Robin hits you with a +2 dagger of venom.
* * * LOW HITPOINT WARNING * * *
You completely miss Robin.
Robin is almost dead.
The goblin barely misses you. The goblin hits you with a +0 club.
* * * LOW HITPOINT WARNING * * *
The goblin closely misses you.
You hit Robin but do no damage.
Robin is almost dead.
You die... #...# #.#.# ....### ..#.## ....... .##..## .....# .###..# g.... ..###.# g..# [..##.# gg)..

.#..#.# ####g# #.#
.##...########.g@g###..#
.###...........g........ .#
##.#######.########..#######
.# #.## #.# #.....<.#
.####..# ..# ##..†...#
...###.#####.## #......#
.#...#.#..... ##......#
.###†..#.#### #...#####
.####.....# #...#


You could see Robin, 3 hobgoblins and 4 goblins.

Vanquished Creatures
  2 adders (D:2)
  A worm (D:2)
  A dart slug (D:1)
  2 leopard geckos
  3 hobgoblins (D:2)
  4 bats
  2 frilled lizards
  7 goblins
  5 kobolds (D:1)
  3 rats
30 creatures vanquished.

Notes
Turn   | Place    | Note
-------+----------+-------------------------------------------
     0 | D:1      | jiml777 the Deep Elf Conjurer began the quest for the Orb.
     0 | D:1      | Reached XP level 1. HP: 10/10 MP: 6/6
   321 | D:1      | Reached XP level 2. HP: 15/15 MP: 5/8
   587 | D:1      | Learned a level 2 spell: Searing Ray
   956 | D:2      | Found a radiant altar of Vehumet.
   970 | D:2      | Reached skill level 5 in Conjurations
  1048 | D:2      | Reached XP level 3. HP: 19/19 MP: 6/9
  1222 | D:2      | Noticed Robin
  1230 | D:2      | Succumbed to a goblin's poison

Illustrated notes

Levels and vault maps discovered:
D:1:      dpeg_arrival_rooms_c, layout_basic
D:2:      layout_rooms, lemuel_doored_altar, uniq_robin, uniq_jessica

Skill      XL: |  1  2 |
---------------+-------+-----
Stealth        | 3 |  3.1
Conjurations   | 5 |  5.3
Armour         | |  0.2
Dodging        | |  2.8
Spellcasting   | |  3.2

Action                   || total
-------------------------++-------
Melee: Spear             ||     5
Throw: Stone             ||     3
 Cast: Magic Dart        ||    37
       Searing Ray       ||     4
Armor: Leather armour    ||     3
Dodge: Dodged            ||    10

Table legend: (Time is in decaauts)
 A = Elapsed time spent in this place.
 B = Non-inter-level travel time spent in this place.
 C = Inter-level travel time spent in this place.
 D = Time resting spent in this place.
 E = Time spent auto-exploring this place.
 F = Levels seen in this place.
 G = Mean time per level.
                   A        B        C        D        E       F      G
               +--------+--------+--------+--------+--------+-----+--------+
         Total |   1229 |   1213 |     16 |    280 |    693 |   2 |  614.5 |
       Dungeon |   1229 |   1213 |     16 |    280 |    693 |   2 |  614.5 |
               +--------+--------+--------+--------+--------+-----+--------+

Top non-repeatable levels by time:
     D:1: 892 daAuts
     D:2: 337 daAuts
